 Dungeon Crawl Stone Soup version 0.20.1-1-g8b1a95d (webtiles) character file.

1093 manyhoops the Conjurer (level 7, -5/50 HPs)
             Began as a Demigod Air Elementalist on Sept 20, 2017.
             Slain by an ice beast (14 damage)
             ... on level 6 of the Dungeon.
             The game lasted 00:08:36 (5945 turns).

manyhoops the Conjurer (Demigod Air Elementalist)   Turns: 5945, Time: 00:08:37

Health: -5/50      AC:  3    Str: 11    XL:     7   Next: 83%
Magic:  1/16       EV: 12    Int: 25    God:
Gold:   284        SH:  7    Dex: 16    Spells: 3/13 levels left

rFire    . . .     SeeInvis .   h - +5 short sword (venom)
rCold    . . .     Gourm    .   o - +2 buckler
rNeg     . . .     Faith    .   a - +1 robe
rPois    .         Spirit   .   (no helmet)
rElec    .         Reflect  .   (no cloak)
rCorr    +         Harm     .   (no gloves)
MR       .....                  (no boots)
Stlth    ++........             (no amulet)
Regen    0.2/turn               f - +2 ring of intelligence
MPRegen  0.2/turn               g - ring of resist corrosion

@: very slightly contaminated
A: high mp 1
a: no special abilities


You were on level 6 of the Dungeon.
You were near starving.

You visited 1 branch of the dungeon, and saw 6 of its levels.

You collected 284 gold pieces.

Inventory:

Hand Weapons
 h - a +5 short sword of venom (weapon)
Missiles
 D - a throwing net (quivered)
Armour
 a - a +1 robe (worn)
 o - a +2 buckler (worn)
Jewellery
 f - a +2 ring of intelligence (left hand)
 g - a ring of resist corrosion (right hand)
Wands
 i - a wand of flame (17/48)
 l - a wand of lightning (9/15)
 E - a wand of acid (8/15)
Scrolls
 d - 2 scrolls of enchant armour
 e - 3 scrolls of teleportation
 n - 2 scrolls of remove curse
 v - a scroll of fear
 y - a scroll of enchant weapon
 A - a scroll of identify
 B - a scroll of recharging
 C - a scroll of fog
 F - a scroll of magic mapping {unknown}
Potions
 k - a potion of lignification
 m - a potion of brilliance
 r - a potion of haste
 s - a potion of magic {unknown}
 t - 2 potions of flight {unknown}
 u - a potion of ambrosia {unknown}
 w - a potion of heal wounds {unknown}
 x - 2 potions of agility {unknown}
 z - a potion of curing {unknown}
 G - a potion of mutation {unknown}
Books
 b - a book of Air

   Spells                             Type                      Level
   a - Shock                          Conjuration/Air              1
   b - Swiftness                      Charms/Air                   2
   c - Static Discharge               Conjuration/Air              3
   d - Airstrike                      Air                          4
   e - Lightning Bolt                 Conjuration/Air              5
Comestibles
 c - a bread ration
 j - 2 royal jellies
 p - a meat ration
 q - 2 fruits


   Skills:
 - Level 1.7 Dodging
 - Level 1.7 Stealth
 - Level 4.4 Shields
 + Level 3.9 Spellcasting
 * Level 4.7 Conjurations
 + Level 4.7 Air Magic


You had 3 spell levels left.
You knew the following spells:

 Your Spells              Type           Power        Failure   Level  Hunger
a - Shock                 Conj/Air       ####         1%          1    None
b - Swiftness             Chrm/Air       ###.....     5%          2    #......
c - Static Discharge      Conj/Air       ####....     4%          3    ##.....
d - Airstrike             Air            ####......   13%         4    ####...


Dungeon Overview and Level Annotations

Branches:
Dungeon (6/15)
 Temple: D:4-7

Shops:
D:5 *

Annotations:
D:5 Grinder


Innate Abilities, Weirdness & Mutations

You have an increased reservoir of magic. (+10% MP)


Message History

You hit the ice beast.
The ice beast is moderately wounded.
The ice beast hits you. The ice beast freezes you!
* * * LOW HITPOINT WARNING * * *
You puncture the ice beast!
The ice beast is heavily wounded.
The ice beast barely misses you.
You completely miss the ice beast.
The ice beast is heavily wounded.
You are near starving!
The ice beast misses you.
You hit the ice beast.
The ice beast is severely wounded.
You block the ice beast's attack.
You hit the ice beast.
The ice beast is severely wounded.
The ice beast hits you.
* * * LOW HITPOINT WARNING * * *
The ice beast freezes you!
You die...

.# #..............# .#
#....##........#
.#####....##.......)####
....##....##............
...................>....
........................
......................#
.........###..........#
.........# ###..@.....#
..........######Y######
..........##....O..#
...................+
...(...............#
....................#
.............
...............
...............


You could see an ice beast and an ogre.

Vanquished Creatures
  2 ogres (D:5)
  2 bullfrogs (D:6)
  A gnoll sergeant (D:6)
  A water moccasin skeleton (D:6)
  A scorpion (D:5)
  A howler monkey (D:5)
  A bullfrog zombie (D:6)
  A quasit (D:5)
  A hound (D:5)
  2 orc wizards
  An iguana (D:4)
  4 worker ants
  2 hound zombies (D:6)
  9 adders
  8 gnolls
  A shadow imp (D:6)
  3 worms
  A dart slug (D:1)
  2 leopard geckos (D:4)
  17 orcs
  2 ball pythons
  10 bats
  4 giant cockroaches
  8 goblins
  11 hobgoblins
  2 jackals (D:4)
  5 quokkas
  10 frilled lizards
  9 kobolds
  A leopard gecko zombie (D:3)
  8 rats
131 creatures vanquished.

Vanquished Creatures (others)
  7 toadstools (D:1)
7 creatures vanquished.

Grand Total: 138 creatures vanquished

Notes
Turn   | Place    | Note
-------+----------+-------------------------------------------
     0 | D:1      | manyhoops the Demigod Air Elementalist began the quest for the Orb.
     0 | D:1      | Reached XP level 1. HP: 14/14 MP: 5/5
    81 | D:1      | Reached skill level 1 in Conjurations
   271 | D:1      | Reached XP level 2. HP: 15/20 MP: 1/7
   864 | D:2      | Found a shattered altar of Ashenzari.
   951 | D:2      | Reached XP level 3. HP: 10/26 MP: 5/8
  1375 | D:2      | Found a faded altar of an unknown god.
  1423 | D:2      | Learned a level 2 spell: Swiftness
  1427 | D:2      | Learned a level 3 spell: Static Discharge
  1926 | D:3      | Reached XP level 4. HP: 27/33 MP: 10/10
  2839 | D:4      | Found a bloodstained altar of Trog.
  2891 | D:4      | Reached XP level 5. HP: 26/38 MP: 0/12
  3283 | D:4      | Reached skill level 1 in Shields
  3774 | D:5      | Entered Level 5 of the Dungeon
  3856 | D:5      | Noticed Grinder
  3856 | D:5      | Noticed an ogre
  3902 | D:5      | Noticed an ogre
  3910 | D:5      | Killed an ogre
  3910 | D:5      | Reached XP level 6. HP: 45/45 MP: 2/13
  4207 | D:5      | Found a blossoming altar of Fedhas.
  4253 | D:5      | Found a glowing silver altar of Zin.
  4253 | D:5      | Found Zin's Purification Station.
  4317 | D:5      | Found a sacrificial altar of Ru.
  4512 | D:5      | Learned a level 4 spell: Airstrike
  4527 | D:6      | Reached XP level 7. HP: 22/50 MP: 2/14
  5945 | D:6      | Slain by an ice beast

Skill      XL: |  1  2  3  4  5  6  7 |
---------------+----------------------+-----
Conjurations   | 1 2 3 4 |  4.7
Air Magic      | 3 4 |  4.7
Spellcasting   | 2 3 |  3.9
Shields        | 3 4 |  4.4
Dodging        | |  1.7
Stealth        | |  1.7

Action                   |  1- 3 |  4- 6 |  7- 9 || total
-------------------------+-------+-------+-------++-------
Melee: Unarmed           |    14 |       |       ||    14
       Dagger            |    56 |       |       ||    56
       Short sword       |    18 |    66 |    33 ||   117
 Cast: Shock             |    45 |    90 |    26 ||   161
       Static Discharge  |       |    11 |    24 ||    35
  Use: Scroll            |     5 |     8 |       ||    13
       Potion            |       |     1 |       ||     1
 Stab: Sleeping          |     4 |     1 |       ||     5
  Eat: Chunk             |     3 |     9 |     1 ||    13
       Bread ration      |       |       |     1 ||     1
Armor: Robe              |    29 |    10 |    14 ||    53
       Leather armour    |     7 |       |       ||     7
Dodge: Dodged            |   101 |    50 |    44 ||   195
Block: Buckler           |       |     9 |    36 ||    45
